Map: Crête de Lerilak

Players

Cerberus

  • Race: Terran Terran
  • League: Bronze
  • Spawn Location: 5:00

zidar - Winner!

  • Race: Zerg Zerg
  • League: Silver
  • Spawn Location: 11:00

VOD

Have the link to the VOD?

Description

Time

  • Played on: Nov. 18, 2015, 2:55 p.m.
  • Length: 16:02
Show
View Real Time Build Order
Export as new Build Order

Cerberus Terran 

Build Orders:  

Get SALT Encoding   

  12  0:01  SCV  
  13  0:13  SCV  
  14  0:19  Supply Depot  
  14  0:25  SCV  
  15  0:30  Refinery  
  15  0:41  Barracks  
  15  0:45  SCV  
  16  0:57  SCV  
  16  1:03  Engineering Bay  
  17  1:09  SCV  
  18  1:21  SCV  
  19  1:28  Marine  
  20  1:33  SCV  
  21  1:40  Supply Depot  
  21  1:45  Refinery, Terran Infantry Weapons Level 1  
  21  1:47  Marine  
  21  1:48  SCV  
  23  2:01  Orbital Command  
  23  2:07  Marine  
  24  2:27  SCV  
  25  2:36  Marine  
  26  2:37  Command Center  
  26  2:56  Barracks  
  26  3:06  Bunker  
  26  3:07  SCV  
  26  3:09  Barracks Tech Lab  
  27  3:27  SCV  
  27  3:33  Combat Shield  
  28  3:40  Factory  
  28  3:45  Marine  
  28  3:46  Marine  
  28  3:47  SCV  
  31  4:03  Marine  
  32  4:15  Bunker, Orbital Command  
  32  4:16  Bunker  
  32  4:18  SCV  
  32  4:22  Marine  
  32  4:23  Marauder  
  36  4:24  Factory Tech Lab  
  36  4:30  Starport, SCV, Terran Infantry Armor Level 1  
  37  4:42  Marine, SCV  
  39  4:47  SCV  
  40  4:54  Marine, SCV  
  40  4:58  Siege Tank  
  40  4:59  SCV  
  46  5:02  Armory  
  46  5:07  Engineering Bay  
  46  5:13  Supply Depot  
  46  5:22  Supply Depot  
  46  5:24  Supply Depot  
  46  5:26  Starport Reactor  
  46  5:28  Barracks Reactor  
  46  5:31  Concussive Shells  
  46  5:35  SCV x2  
  48  5:37  Missile Turret  
  48  5:44  Marauder  
  48  5:45  Siege Tank  
  48  5:47  SCV x2  
  55  5:56  Supply Depot x2  
  55  5:58  Supply Depot  
  55  5:59  Terran Infantry Weapons Level 2  
  55  6:05  Marine  
  55  6:10  Marine  
  55  6:11  Marine  
  58  6:12  SCV, Medivac  
  58  6:13  SCV  
  62  6:22  Marine  
  63  6:30  Marine x2  
  63  6:32  SCV x2  
  67  6:39  Refinery  
  67  6:41  Marauder  
  67  6:44  SCV  
  70  6:48  Medivac  
  70  6:49  SCV  
  70  6:50  Marine x2  
  75  6:57  Command Center  
  75  7:04  Refinery  
  75  7:09  Marine x2  
  75  7:10  Marauder, Siege Tank  
  75  7:12  SCV x2  
  84  7:21  Medivac  
  86  7:24  SCV x2  
  88  7:42  Marine x3  
  88  7:44  Barracks x2, Siege Tank  
  91  7:46  Factory, SCV x2  
  96  7:59  Terran Infantry Armor Level 2  
  96  8:12  Command Center  
  96  8:18  Marine x2, Marauder  
  96  8:19  Siege Tank  
  103  8:34  SCV x2  
  105  8:36  Marine  
  106  8:49  Marine x3  
  106  8:50  Marauder  
  106  8:51  Factory Tech Lab  
  106  8:52  Medivac  
  106  8:53  SCV x2  
  115  9:02  Refinery  
  115  9:04  Refinery  
  115  9:05  Marine  
  115  9:07  Marine  
  117  9:13  Supply Depot  
  117  9:14  Supply Depot  
  117  9:15  Supply Depot  
  117  9:17  Supply Depot  
  117  9:22  Barracks Tech Lab  
  117  9:23  Barracks Reactor  
  117  9:24  SCV x2, Siege Tank  
  122  9:33  Medivac  
  124  9:40  Marine x2  
  124  9:41  Marine, Marauder  
  124  9:42  Siege Tank, Medivac  
  124  9:43  SCV x3  
  137  9:50  Barracks  
  137  9:51  Barracks  
  137  9:52  Starport  
  137  9:57  SCV  
  137  9:58  Factory, SCV x2, Orbital Command  
  140  10:01  Marine x4, Marauder  
  146  10:15  Terran Infantry Weapons Level 3  
  146  10:22  Missile Turret  
  146  10:25  Missile Turret, SCV x2  
  146  10:26  Orbital Command  
  146  10:27  Marine x4, Marauder  
  154  10:33  Missile Turret  
  154  10:35  Medivac  
  154  10:38  SCV x2, Stimpack  
  154  10:39  Marauder, SCV  
  161  10:45  Marine, Factory Tech Lab, Barracks Reactor  
  161  10:46  Barracks Tech Lab  
  162  10:50  Marauder  
  164  10:59  Supply Depot x2  
  164  11:02  Supply Depot  
  164  11:06  Refinery  
  164  11:09  Refinery  
  164  11:20  Marine x5  
  164  11:21  SCV x4  
  173  11:30  Missile Turret  
  173  11:33  Missile Turret, SCV  
  173  11:35  Missile Turret  
  173  11:36  Missile Turret  
  173  11:37  Missile Turret x2  
  173  11:38  Missile Turret  
  174  11:41  Missile Turret  
  174  11:43  Missile Turret  
  174  11:44  Viking x2, Missile Turret  
  178  11:51  Starport Tech Lab  
  178  11:52  Siege Tank  
  178  11:53  Marine x2, Missile Turret  
  184  11:54  SCV x4  
  184  11:59  Missile Turret x2  
  187  12:01  Missile Turret  
  187  12:03  Missile Turret  
  187  12:04  Supply Depot  
  187  12:05  Supply Depot  
  187  12:06  Terran Infantry Armor Level 3  
  187  12:07  SCV, Supply Depot  
  188  12:25  Marine x4  
  188  12:26  Marauder x2  
  192  13:03  Marine x3  
  192  13:04  Marine, Marauder x2  
  200  13:26  Hi-Sec Auto Tracking  
  200  13:32  Missile Turret  
  200  13:33  Missile Turret  
  200  13:34  Missile Turret  
  200  13:36  Missile Turret  
  107  13:50  Marine x3  
  107  13:51  Marine x3, Marauder x3  
  107  13:52  Siege Tank  
  107  13:53  Siege Tank x2, Medivac  
  107  13:54  Missile Turret, Medivac  
  112  14:08  Marine x4, Medivac  
  112  14:09  Marine x2  
  106  14:12  Marauder x3  
  112  14:24  Command Center, Siege Tank  
  112  14:26  Marine x5  
  120  14:31  Marine  
  120  14:33  Marauder x2  
  120  14:34  Marauder  
  120  14:38  Hellbat x2  
  131  14:41  Banshee  
  131  14:43  Marine  
  131  14:44  Marine x2  
  137  14:52  Liberator  
  137  14:53  Liberator  
  137  14:55  Marauder x3  
  137  14:56  Hellbat  
  137  14:57  Marine x2  
  137  14:59  Hellbat  
  149  15:08  Hellbat  
  157  15:16  Marauder x2  
  157  15:17  Marauder  
  157  15:18  Hellbat  
  157  15:21  Hellbat  
  104  15:41  Marine x4  
  104  15:42  Marine x2  
Show
View Real Time Build Order
Export as new Build Order

zidar Zerg - Winner!

Build Orders: Hatch First 

Get SALT Encoding   

  12  0:01  Drone  
  13  0:12  Overlord  
  13  0:17  Drone  
  14  0:30  Drone x2  
  16  0:38  Drone  
  17  0:58  Hatchery, Drone  
  17  1:02  Extractor  
  17  1:03  Drone  
  17  1:07  Drone  
  18  1:24  Spawning Pool  
  17  1:26  Drone  
  17  1:30  Drone  
  19  1:39  Overlord  
  19  1:59  Drone  
  19  2:15  Queen  
  19  2:19  Queen  
  23  2:25  Zergling x2  
  23  2:26  Zergling x2  
  23  2:28  Metabolic Boost  
  25  2:48  Drone x2  
  25  2:49  Hatchery  
  26  2:52  Drone  
  27  3:20  Drone x5  
  27  3:21  Drone  
  27  3:25  Lair  
  33  3:30  Extractor  
  33  3:34  Spore Crawler  
  31  3:38  Queen  
  33  3:46  Extractor  
  32  3:49  Extractor  
  30  4:00  Spore Crawler  
  29  4:09  Baneling Nest  
  28  4:13  Drone x2  
  28  4:14  Roach Warren, Drone x4  
  32  4:27  Queen  
  34  4:32  Queen  
  36  4:46  Evolution Chamber x2  
  36  4:52  Overlord  
  34  4:53  Overlord  
  34  4:56  Zergling x4  
  34  4:57  Zergling x2  
  38  5:00  Zergling x2  
  38  5:04  Overlord  
  35  5:45  Zerg Ground Armor Level 1  
  35  5:46  Zerg Melee Weapons Level 1  
  35  5:49  Centrifical Hooks  
  35  5:53  Zergling x2  
  35  5:54  Zergling x20  
  46  6:38  Drone x12  
  58  6:47  Baneling x2  
  58  6:59  Extractor  
  57  7:24  Drone  
  57  7:26  Overlord x3  
  57  7:27  Overlord  
  58  7:37  Extractor  
  58  7:41  Zerg Ground Armor Level 2  
  58  7:42  Zerg Melee Weapons Level 2  
  57  7:54  Pneumatized Carapace  
  57  8:02  Drone x17  
  74  8:31  Spire  
  73  8:49  Zergling x4  
  73  8:50  Zergling x14  
  73  8:54  Overlord x3  
  73  8:55  Overlord x2  
  82  9:10  Baneling  
  82  9:11  Baneling x16  
  82  9:20  Drone x3  
  85  9:29  Overlord x3  
  85  9:36  Zergling x2  
  85  9:37  Zergling x24  
  98  9:39  Baneling  
  98  9:41  Baneling x7  
  98  9:42  Baneling  
  98  9:53  Zerg Flyer Weapons Level 1  
  98  10:00  Infestation Pit  
  97  10:25  Baneling  
  97  10:26  Baneling x7  
  97  10:28  Mutalisk x10  
  97  10:29  Mutalisk x4  
  125  10:44  Hive  
  125  10:46  Zerg Missile Weapons Level 1  
  125  11:03  Hatchery  
  124  11:28  Mutalisk  
  124  11:29  Mutalisk x6  
  138  11:36  Overlord x2  
  138  11:37  Overlord x4  
  138  11:46  Zerg Flyer Weapons Level 2  
  138  11:53  Pathogen Glands  
  138  12:06  Zergling x2  
  138  12:07  Zergling x16  
  147  12:28  Mutalisk  
  147  12:29  Mutalisk x6  
  133  13:10  Mutalisk  
  133  13:11  Mutalisk x6  
  145  13:22  Baneling  
  145  13:23  Baneling x5  
  145  13:24  Baneling x2  
  94  14:09  Zergling x24  
  107  14:10  Zergling x20  
  107  14:12  Baneling  
  107  14:13  Baneling x6  
  113  14:40  Baneling  
  113  14:41  Baneling x17  
  113  14:42  Baneling  
  113  14:44  Zergling x2  
  113  14:45  Zergling x22  
  125  14:48  Mutalisk x2  
  125  14:49  Mutalisk x3  
  135  15:08  Extractor  
  134  15:18  Extractor  
Tags
 
Add a new tag
Caveats
  • Supply blocks, unpowered buildings, or Contaminate may cause inaccurate times.
  • Supply counts are checked every 10 seconds.